 Dungeon Crawl Stone Soup version 0.19.4-8-ga85b6b9 (webtiles) character file.

21139 Naksu the Severer (level 12, -5/105 HPs)
             Began as a Minotaur Fighter on Feb 11, 2017.
             Was the Champion of Okawaru.
             Killed from afar by a shock serpent (11 damage)
             ... with an electric aura
             ... on level 1 of the Snake Pit.
             The game lasted 00:46:47 (9711 turns).

Naksu the Severer (Minotaur Fighter)                Turns: 9711, Time: 00:46:47

Health: -5/105     AC: 15    Str: 24    XL:     12   Next: 51%
Magic:  11/11      EV: 12    Int:  8    God:    Okawaru [******]
Gold:   616        SH: 17    Dex: 14    Spells: 0 memorised, 11 levels left

rFire  . . .     SeeInvis .     P - +7 war axe of the Last Suns {flame, rPois rF- rC+++ Int+3 Stlth+}
rCold  + + +     Gourm    .     H - +3 chain mail of Hysteria {rN+ Slay+2}
rNeg   + . .     Faith    .     c - +0 shield
rPois  +         Spirit   .     y - +1 hat {MR+}
rElec  .         Reflect  +     (no cloak)
rCorr  .         Harm     .     l - +1 pair of gloves
MR     ++...                    q - +0 pair of boots
Stlth  ..........               p - +4 amulet of reflection
                                a - ring of protection from fire
                                A - ring of protection from magic

@: no status effects
A: retaliatory headbutt, horns 2, repulsion field 1, deformed body, strong 1,
evolution 1
a: Heroism, Finesse, Renounce Religion


You were on level 1 of the Snake Pit.
You worshipped Okawaru.
Okawaru was exalted by your worship.
You were not hungry.

You visited 3 branches of the dungeon, and saw 14 of its levels.

You collected 886 gold pieces.
You spent 270 gold pieces at shops.

Inventory:

Hand Weapons
 w - the +8 rapier "Suirodghefo" {drain, rF+ MR+}
   (You bought it in a shop on level 6 of the Dungeon)

   A truly terrible weapon, it drains the life of those it strikes.
   It protects you from fire.
   It affects your resistance to hostile enchantments.
 O - the +1 broad axe "Bateah" {drain, rPois rC+ Dex+2}
   (Okawaru gifted it to you on level 1 of the Snake Pit)

   A truly terrible weapon, it drains the life of those it strikes.
   It affects your dexterity (+2).
   It protects you from cold.
   It protects you from poison.
 P - the +7 war axe of the Last Suns (weapon) {flame, rPois rF- rC+++ Int+3 Stlth+}
   (You found it on level 8 of the Dungeon)

   It has been specially enchanted to burn those struck by it, causing extra
   injury to most foes and up to half again as much damage against particularly
   susceptible opponents.
   Big, fiery blades are also staple armaments of hydra-hunters.
   It affects your intelligence (+3).
   It makes you vulnerable to fire.
   It renders you almost immune to cold.
   It protects you from poison.
   It makes you more stealthy.
Missiles
 Z - 3 poisoned tomahawks (quivered)
Armour
 c - a +0 shield (worn)
 l - a +1 pair of gloves (worn)
 n - a +0 pair of gloves
 q - a +0 pair of boots (worn)
 y - a +1 hat of magic resistance (worn)
 C - the +5 scale mail of Impressiveness {rC++}
   (You found it on level 2 of the Lair of Beasts)

   It greatly protects you from cold.
 H - the +3 chain mail of Hysteria (worn) {rN+ Slay+2}
   (You found it on level 1 of the Lair of Beasts)

   It affects your accuracy and damage with ranged weapons and melee attacks
   (+2).
   It protects you from negative energy.
Jewellery
 a - a ring of protection from fire (right hand)
 e - an uncursed ring of stealth
 k - an uncursed ring of protection from fire
 p - a +4 amulet of reflection (around neck)
 A - a ring of protection from magic (left hand)
 B - an uncursed amulet of magic regeneration
 D - an uncursed ring of flight
 U - an uncursed amulet of rage
Wands
 r - a wand of flame (17/48)
 t - a wand of digging (18/24)
 u - a wand of acid (10/15)
 v - a wand of paralysis (16/24)
 E - a wand of iceblast (5/15)
 J - a wand of polymorph (5/24)
 L - a wand of acid (6/15)
 T - a wand of flame (29/48)
 X - a wand of iceblast (12/15)
Scrolls
 b - 2 scrolls of silence {unknown}
 g - 5 scrolls of teleportation
 m - a scroll of magic mapping
 s - 2 scrolls of fog
 F - 3 scrolls of amnesia
 R - a scroll of identify
 S - a scroll of summoning {unknown}
 W - a scroll of vulnerability {unknown}
Potions
 d - a potion of might
 h - 4 potions of lignification
 j - 2 potions of brilliance
 x - a potion of haste
 z - 3 potions of degeneration
 G - a potion of invisibility
 Q - 2 potions of agility
 V - a potion of resistance
Books
 K - a book of Misfortune

   Spells                             Type                      Level
   a - Confusing Touch                Hexes                        1
   b - Confuse                        Hexes                        3
   c - Gell's Gravitas                Hexes/Translocation          3
   d - Petrify                        Transmutation/Earth          4
   e - Metabolic Englaciation         Hexes/Ice                    5
   f - Yara's Violent Unravelling     Hexes/Transmutation          5
 M - a book of Battle

   Spells                             Type                      Level
   a - Infusion                       Charms                       1
   b - Shroud of Golubria             Charms/Translocation         2
   c - Song of Slaying                Charms                       2
   d - Spectral Weapon                Hexes/Charms                 3
   e - Regeneration                   Charms/Necromancy            3
Miscellaneous
 Y - a crystal ball of energy
Comestibles
 f - 16 bread rations
 i - 3 meat rations
 o - 4 beef jerkies
 I - 19 fruits
 N - 6 slices of pizza


   Skills:
 + Level 9.5 Fighting
 - Level 7.3 Short Blades
 * Level 15.2(15.4) Axes
   Level 3.9(10.9) Maces & Flails
 + Level 9.8 Armour
 + Level 4.5 Dodging
 + Level 11.2 Shields
 + Level 0.4 Invocations


You had 11 spell levels left.
You didn't know any spells.

Dungeon Overview and Level Annotations

Branches:
Dungeon (10/15)            Temple (0/1) D:4            Lair (3/6) D:10
  Snake (1/4) Lair:3
  Swamp: Lair:2-4    Shoals: Lair:2-4       Orc: D:9-12

Altars:
Ashenzari
Fedhas
Gozag
Hepliaklqana
Kikubaaqudgha
Nemelex Xobeh
Okawaru
Ru
Xom

Shops:
D:6 (   D:8 [


Innate Abilities, Weirdness & Mutations

You reflexively headbutt those who attack you in melee.
You have a pair of horns on your head.
You are surrounded by a mild repulsion field. (EV +2)
Armour fits poorly on your strangely shaped body.
Your muscles are strong. (Str +2)
You evolve.


Message History

The shock serpent shoots out a bolt of lightning at you!
The bolt of electricity hits you!
You slash the shock serpent! You burn the shock serpent.
The shock serpent is moderately wounded.
The shock serpent's electric aura discharges, shocking you!
You block the shock serpent's attack.
You slice the shock serpent!! You burn the shock serpent!
Your headbutt misses the shock serpent.
The shock serpent is almost dead.
The shock serpent's electric aura discharges violently, shocking you!
* * * LOW HITPOINT WARNING * * *
The shock serpent bites you.
* * * LOW HITPOINT WARNING * * *
The shock serpent shocks you!
* * * LOW HITPOINT WARNING * * *
You slice the shock serpent!! You burn the shock serpent.
You kill the shock serpent!
Okawaru accepts your kill.
The air sparks with electricity, shocking you!
You die...

...#
...#############.##
..............##..#
..............#...#
#........####.....#
##.......# #....##
##.......# #.....#
..).....######.....#
)"..........##..@..##
####.........##.....#
#....####.##..##..#
####...## #.##..# ...#
........#####.##.## ...
...##......##.##..## #.
#####..............##
...## .._
#####...............##
...##...
..............#......##
#..#...


There were no monsters in sight!

Vanquished Creatures
  A nagaraja (Snake:1)
  The ghost of Kloppie the Blocker, a journeyman GrFi of Gozag (Lair:2)
  2 hydras (Lair:3)
  The ghost of kasmir the Basher, a journeyman DsWn of Qazlal (D:10)
  An anaconda (Snake:1)
  A shock serpent (Snake:1)
  2 mana vipers (Snake:1)
  5 black mambas (Snake:1)
  A spiny frog (Lair:1)
  A rime drake (Lair:2)
  5 komodo dragons
  8 blink frogs
  4 hippogriffs
  15 yaks
  2 fire bats (Lair:2)
  A human (D:8)
  3 hogs (D:8)
  The ghost of Naow the Shield-Bearer, an amateur FoFi (D:4)
  2 water moccasins
  A porcupine (Lair:1)
  8 nagas
  Duvessa (D:4)
  An ice beast (D:6)
  3 orc warriors
  A phantom (D:9)
  2 black bears
  A necrophage (D:6)
  A hornet zombie (D:7)
  5 wolves (Lair:3)
  An ogre (D:6)
  2 centaurs
  8 crocodiles
  Blork the orc (D:4)
  10 bullfrogs
  Dowan (D:4)
  3 scorpions (D:8)
  An electric eel (Lair:2)
  8 wights
  A howler monkey (D:7)
  2 crimson imps (D:7)
  A centaur zombie (D:5)
  A quasit (D:9)
  3 centaur skeletons
  8 hounds
  5 jellies
  9 orc wizards
  9 orc priests
  A bullfrog skeleton (D:6)
  Jessica (D:3)
  A gnoll shaman (D:5)
  An iguana (D:7)
  3 worker ants
  10 gnolls
  13 adders
  3 shadow imps
  2 oozes
  5 adder skeletons
  2 worms
  5 dart slugs
  3 leopard geckos
  23 orcs
  4 giant cockroaches
  10 goblins
  6 hobgoblins
  3 jackals
  A quokka (D:3)
  4 ball pythons
  7 bats
  4 frilled lizards
  5 kobolds
  6 rats
  2 fungi
  2 plants
282 creatures vanquished.

Vanquished Creatures (others)
  A centaur (D:9)
  2 fungi
3 creatures vanquished.

Grand Total: 285 creatures vanquished

Notes
Turn   | Place    | Note
-------+----------+-------------------------------------------
     0 | D:1      | Naksu the Minotaur Fighter began the quest for the Orb.
     0 | D:1      | Reached XP level 1. HP: 19/19 MP: 0/0
   105 | D:1      | Reached XP level 2. HP: 27/27 MP: 1/1
   538 | D:1      | Reached XP level 3. HP: 32/33 MP: 2/2
  1261 | D:2      | Found a hazy altar of Hepliaklqana.
  1261 | D:2      | Found a blossoming altar of Fedhas.
  1571 | D:3      | Reached XP level 4. HP: 40/40 MP: 3/3
  1688 | D:3      | Found an opulent altar of Gozag.
  1939 | D:3      | Noticed Jessica
  1945 | D:3      | Killed Jessica
  1945 | D:3      | Reached skill level 1 in Dodging
  1956 | D:3      | Reached XP level 5. HP: 43/47 MP: 4/4
  2007 | D:4      | Noticed Naow's ghost (amateur FoFi)
  2026 | D:4      | Killed Naow's ghost
  2026 | D:4      | Reached skill level 1 in Axes
  2026 | D:4      | Reached skill level 5 in Shields
  2026 | D:4      | Reached XP level 6. HP: 28/53 MP: 5/5
  2096 | D:4      | Reached skill level 2 in Axes
  2107 | D:4      | Noticed Duvessa
  2109 | D:4      | Noticed Dowan
  2114 | D:4      | Reached skill level 5 in Armour
  2120 | D:4      | Killed Dowan
  2126 | D:4      | Killed Duvessa
  2126 | D:4      | Reached skill level 3 in Axes
  2185 | D:4      | Reached XP level 7. HP: 48/60 MP: 6/6
  2201 | D:4      | Noticed Blork the orc
  2203 | D:4      | Found an iron altar of Okawaru.
  2211 | D:4      | Killed Blork the orc
  2211 | D:4      | Reached skill level 4 in Axes
  2216 | D:4      | Became a worshipper of Warmaster Okawaru
  2375 | D:4      | Found a staircase to the Ecumenical Temple.
  2439 | D:5      | Entered Level 5 of the Dungeon
  2463 | D:5      | Reached skill level 5 in Fighting
  2539 | D:5      | Reached skill level 5 in Axes
  2583 | D:5      | Found a shattered altar of Ashenzari.
  3178 | D:6      | Reached XP level 8. HP: 67/68 MP: 7/7
  3188 | D:6      | Reached skill level 6 in Axes
  3256 | D:6      | Reached * piety under Okawaru
  3280 | D:6      | Reached skill level 7 in Axes
  3405 | D:6      | Reached ** piety under Okawaru
  3405 | D:6      | Reached skill level 8 in Axes
  3436 | D:6      | Found a sacrificial altar of Ru.
  3921 | D:6      | Found Zaac's Antique Weapon Boutique.
  3924 | D:6      | Bought an ancient rapier for 270 gold pieces
  3924 | D:6      | Identified the +8 rapier "Suirodghefo" {drain, rF+ MR+} (You bought it in a shop on level 6 of the Dungeon)
  3946 | D:6      | Reached XP level 9. HP: 68/75 MP: 8/8
  4006 | D:7      | Reached skill level 1 in Short Blades
  4537 | D:7      | Reached *** piety under Okawaru
  4649 | D:7      | Reached skill level 5 in Short Blades
  5007 | D:8      | Reached XP level 10. HP: 37/84 MP: 9/9
  5037 | D:8      | Reached **** piety under Okawaru
  5081 | D:8      | Got a crystal war axe
  5082 | D:8      | Identified the +7 war axe of the Last Suns {flame, rPois rF- rC+++ Int+3 Stlth+} (You found it on level 8 of the Dungeon)
  5640 | D:8      | Found Gyipibla's Antique Armour Shop.
  5727 | D:8      | Found an ancient bone altar of Kikubaaqudgha.
  6007 | D:9      | Reached skill level 9 in Axes
  6101 | D:9      | Found a shimmering altar of Xom.
  6503 | D:10     | Entered Level 10 of the Dungeon
  6536 | D:10     | Noticed kasmir's ghost (journeyman DsWn)
  6556 | D:10     | Killed kasmir's ghost
  6556 | D:10     | Received a gift from Okawaru
  6556 | D:10     | Reached skill level 10 in Axes
  6649 | D:10     | Reached ***** piety under Okawaru
  6709 | D:10     | Reached skill level 11 in Axes
  6801 | D:10     | Found a sparkling altar of Nemelex Xobeh.
  6824 | D:10     | Found a staircase to the Lair.
  6836 | Lair:1   | Entered Level 1 of the Lair of Beasts
  6859 | Lair:1   | Reached skill level 10 in Shields
  6880 | Lair:1   | Received a gift from Okawaru
  6880 | Lair:1   | Reached XP level 11. HP: 59/94 MP: 10/10
  7047 | Lair:1   | Reached skill level 12 in Axes
  7048 | Lair:1   | Got a spiked chain mail
  7059 | Lair:1   | Identified the +3 chain mail of Hysteria {rN+ Slay+2} (You found it on level 1 of the Lair of Beasts)
  7215 | Lair:1   | Gained mutation: You evolve. [potion of beneficial mutation]
  7216 | Lair:1   | Gained mutation: You are agile. (Dex +2) [potion of beneficial mutation]
  7223 | Lair:1   | Gained mutation: Armour fits poorly on your strangely shaped body. [potion of mutation]
  7223 | Lair:1   | Gained mutation: Your muscles are strong. (Str +2) [potion of mutation]
  7223 | Lair:1   | Lost mutation: You are agile. (Dex +2) [potion of mutation]
  7775 | Lair:2   | Got a dazzling scale mail
  7786 | Lair:2   | Identified the +5 scale mail of Impressiveness {rC++} (You found it on level 2 of the Lair of Beasts)
  7857 | Lair:2   | Reached skill level 13 in Axes
  7860 | Lair:2   | Noticed Kloppie's ghost (journeyman GrFi)
  7878 | Lair:2   | Killed Kloppie's ghost
  8631 | Lair:3   | Noticed a six-headed hydra
  8637 | Lair:3   | Killed a three-headed hydra
  8733 | Lair:3   | Gained mutation: You are surrounded by a mild repulsion field. (EV +2) [evolution]
  8774 | Lair:3   | Noticed a six-headed hydra
  8780 | Lair:3   | Killed a three-headed hydra
  8780 | Lair:3   | Received a gift from Okawaru
  8780 | Lair:3   | Reached skill level 14 in Axes
  8859 | Lair:3   | Reached XP level 12. HP: 104/104 MP: 11/11
  8890 | Lair:3   | Found a staircase to the Snake Pit.
  8919 | Snake:1  | Entered Level 1 of the Snake Pit
  8934 | Snake:1  | Noticed an anaconda
  8948 | Snake:1  | Killed an anaconda
  9007 | Snake:1  | Found an opulent altar of Gozag.
  9009 | Snake:1  | Noticed a nagaraja
  9018 | Snake:1  | Killed a nagaraja
  9018 | Snake:1  | Reached ****** piety under Okawaru
  9080 | Snake:1  | Reached skill level 15 in Axes
  9177 | Snake:1  | Received a gift from Okawaru
  9180 | Snake:1  | Got an ebony broad axe {god gift}
  9181 | Snake:1  | Identified the +1 broad axe "Bateah" {drain, rPois rC+ Dex+2} (Okawaru gifted it to you on level 1 of the Snake Pit)
  9328 | Snake:1  | Found a sparkling altar of Nemelex Xobeh.
  9711 | Snake:1  | Killed from afar by a shock serpent

Skill      XL: |  1  2  3  4  5  6  7  8  9 10 11 12 |
---------------+-------------------------------------+-----
Shields        | 4 5 6 7 8 10 11 | 11.2
Fighting       | 4 5 6 7 9 |  9.5
Maces & Flails | 3 |  3.9
Armour         | 4 5 6 7 8 9 |  9.8
Dodging        | 1 2 3 4 |  4.5
Axes           | 1 3 5 8 11 14 15 | 15.2
Short Blades   | 7 |  7.3
Invocations    | |  0.4

Action                   |  1- 3 |  4- 6 |  7- 9 | 10-12 || total
-------------------------+-------+-------+-------+-------++-------
Melee: Flail             |    95 |    42 |     9 |       ||   146
       Headbutt          |    11 |    18 |    59 |    53 ||   141
       Hand axe          |       |    64 |   168 |       ||   232
       Rapier            |       |       |   131 |     6 ||   137
       War axe           |       |       |       |   337 ||   337
Throw: Tomahawk          |       |       |       |     1 ||     1
Invok: Heroism           |       |       |       |     2 ||     2
  Use: Scroll            |     1 |     1 |    12 |     6 ||    20
       Potion            |       |       |     3 |    18 ||    21
 Stab: Paralysed         |       |       |     1 |       ||     1
  Eat: Chunk             |     2 |     2 |       |       ||     4
       Meat ration       |       |       |     2 |     1 ||     3
       Fruit             |       |       |       |     4 ||     4
       Beef jerky        |       |       |       |     2 ||     2
       Pizza             |       |       |       |     1 ||     1
       Bread ration      |       |       |       |     1 ||     1
Armor: Scale mail        |    46 |    42 |    63 |     6 ||   157
       Plate armour      |       |       |       |    33 ||    33
       Chain mail        |       |       |       |    39 ||    39
Dodge: Dodged            |    33 |    28 |    74 |    71 ||   206
Block: Shield            |    66 |    98 |   228 |   219 ||   611
       Reflection        |     1 |     4 |     2 |     7 ||    14
